 Dungeon Crawl Stone Soup version 0.29.0-4-gdea44cf6ec (webtiles) character file.

Game seed: 6185599077513748368

240 qw the Chopper (level 6, 0/48 HPs)
             Began as a Ghoul Enchanter on Sept 8, 2022.
             Slain by an orc wizard
             ... wielding a +1 dagger of electrocution
              (11 damage)
             ... on level 5 of the Dungeon.
             The game lasted 00:02:14 (6073 turns).

qw the Chopper (Ghoul Enchanter)                    Turns: 6073, Time: 00:02:14

Health: 0/48       AC:  8    Str: 14    XL:     6   Next: 8%
Magic:  0/7        EV:  9    Int: 10    God:
Gold:   153        SH:  0    Dex:  9    Spells: 8/8 levels left

rFire   . . .      SeeInvis .   Y - +0 hand axe
rCold   + . .      Faith    .   (no shield)
rNeg    + + +      Spirit   +   i - +0 scale mail
rPois   inf        Reflect  .   j - +1 helmet
rElec   .          Harm     .   (no cloak)
rCorr   .          Rampage  .   (no gloves)
Will    .....                   (no boots)
Stlth   +.........              a - amulet of guardian spirit
HPRegen 0.00/turn               (no ring)
MPRegen 0.10/turn               (no ring)

@: inhibited regen
A: claws 1, cold resistance 1, negative energy resistance 3, inhibited
regeneration, torment resistance 2, devour on kill
a: no special abilities


You were on level 5 of the Dungeon.
You visited 1 branch of the dungeon, and saw 5 of its levels.

You collected 195 gold pieces.
You spent 42 gold pieces at shops.


Innate Abilities, Weirdness & Mutations

You are immune to poison.
You have sharp fingernails.
Your flesh is cold resistant. (rC+)
You are immune to negative energy. (rN+++)
You do not regenerate when monsters are visible.
You are immune to unholy pain and torment.
You thrive by killing the living.


   Skills:
 + Level 2.2 Fighting
 - Level 0.8 Short Blades
 - Level 4.2 Axes
 - Level 1.0 Throwing
 - Level 1.1 Armour
 - Level 1.7 Dodging
 - Level 3.2 Stealth
 - Level 1.7 Spellcasting
 - Level 2.4 Hexes


You had 8 spell levels left.
You didn't know any spells.
Your spell library contained the following spells:

 Spells                   Type           Power      Damage    Failure   Level
 Ensorcelled Hibernation  Hex/Ice        6%         N/A       78%         2
 Confusing Touch          Hex            5%         N/A       83%         3
 Tukima's Dance           Hex            5%         N/A       83%         3
 Dazzling Flash           Conj/Hex       6%         N/A       95%         3

Inventory:

Hand Weapons
 e - a +0 flail
 Y - a +0 hand axe (weapon)
Missiles
 c - 4 javelins (quivered)
 l - 6 boomerangs of dispersal
Armour
 i - a +0 scale mail (worn)
 j - a +1 helmet (worn)
Jewellery
 a - an amulet of guardian spirit (around neck)
Scrolls
 h - a scroll of identify
Potions
 b - 2 potions of might
 d - a potion of cancellation
 k - 2 potions of curing
 m - a potion of heal wounds {unknown}
 n - a potion of resistance {unknown}

Dungeon Overview and Level Annotations

Branches:
Dungeon (5/15)
 Temple: D:4-7

Altars:
Dithmenos
Hepliaklqana

Shops:
D:2 (

Portals:
Abyss: D:4

Annotations:
D:4 2 transporters, qw's ghost, amateur MiFi


Message History

The orc is severely wounded.
The orc barely misses you. The orc hits you but does no damage.
You hit the orc.
You kill the orc!
You feel better.
You barely miss something.
You hear some strange, mumbled words.
Something tries to affect you, but you resist.
You hit something. Something hits you but does no damage.
You are electrocuted!!
You miss something. Something hits you.
You are electrocuted!
You miss something. Something hits you but does no damage.
You closely miss something. Something hits you.
You barely miss something. Something hits you but does no damage.
You hit something. Something hits you but does no damage.
You miss something.
An orc wizard appears from thin air!
Reactivating autopickup.
The orc wizard hits you but does no damage.
You hit the orc wizard.
The orc wizard is heavily wounded.
The orc wizard closely misses you.
You hit the orc wizard.
The orc wizard is almost dead.
The orc wizard points at you and mumbles some strange words.
You resist with some effort.
You hit the orc wizard.
The orc wizard is almost dead.
The orc wizard closely misses you.
The orc wizard hits you with a +1 dagger of electrocution.
You barely miss the orc wizard.
The orc wizard is almost dead.
The orc wizard hits you but does no damage.
You are electrocuted!
You die...

### ..# #.#
#.# #.#
#############
#.#
#...........#
#.#
###.#######@#
#<#### #.#
#o# .....#
#.# #.#
####.# #.#
#.# #.# #.#
#.. #.# #.#
### #.# #.#
#.###.#
#.....#


You could see an orc wizard.

Vanquished Creatures
  A crimson imp (D:4)
  Jessica (D:3)
  An iguana (D:4)
  An orc wizard (D:5)
  4 adders
  A white imp (D:4)
  2 worms (D:4)
  2 dart slugs
  2 orcs
  7 endoplasms
  7 giant cockroaches
  4 goblins
  9 hobgoblins
  A quokka (D:1)
  10 ball pythons
  5 bats
  3 frilled lizards
  7 kobolds
  10 rats
78 creatures vanquished.

Notes
Turn   | Place    | Note
-------+----------+-------------------------------------------
     0 | D:1      | qw the Ghoul Enchanter began the quest for the Orb.
     0 | D:1      | Reached XP level 1. HP: 14/14 MP: 2/2
     0 | D:1      | 0 ||| qw: Version: 0.1-a-112-g44dc6cd
     0 | D:1      | 0 ||| qw: Game counter: 6784
     0 | D:1      | 0 ||| qw: Always use a shield: true
     0 | D:1      | 0 ||| qw: God list: Okawaru
     0 | D:1      | 0 ||| qw: Allow faded altars: false
     0 | D:1      | 0 ||| qw: Do Orc after D:15 true
     0 | D:1      | 0 ||| qw: Do second Lair branch before Depths: true
     0 | D:1      | 0 ||| qw: Lair rune preference: random
     0 | D:1      | 0 ||| qw: Plans: Normal
     0 | D:1      | 0 ||| PLANNING D:1-11
   260 | D:1      | Reached skill level 1 in Axes
   310 | D:1      | 310 ||| Stepping ~*~*~tactically~*~*~ (hiding).
   412 | D:1      | 412 ||| Stepping ~*~*~tactically~*~*~ (hiding).
   514 | D:1      | 514 ||| Stepping ~*~*~tactically~*~*~ (hiding).
   616 | D:1      | 616 ||| Stepping ~*~*~tactically~*~*~ (hiding).
   718 | D:1      | 718 ||| Stepping ~*~*~tactically~*~*~ (hiding).
   820 | D:1      | 820 ||| Stepping ~*~*~tactically~*~*~ (hiding).
   929 | D:1      | Reached XP level 2. HP: 22/22 MP: 3/3
   938 | D:1      | Reached skill level 1 in Fighting
  1026 | D:1      | 1026 ||| SWAPPING to +0 club.
  1027 | D:1      | 1027 ||| DROPPING +1 dagger.
  1702 | D:1      | 1702 ||| SWAPPING to +0 spear.
  1703 | D:1      | 1703 ||| DROPPING +0 club.
  1707 | D:1      | Found a faded altar of an unknown god.
  1787 | D:1      | 1787 ||| Stepping ~*~*~tactically~*~*~ (stealth).
  1791 | D:1      | 1791 ||| Stepping ~*~*~tactically~*~*~ (stealth).
  2095 | D:1      | Reached XP level 3. HP: 28/28 MP: 4/4
  2153 | D:1      | 2153 ||| UPGRADING to +0 ring mail.
  2163 | D:1      | 2163 ||| DROPPING +0 robe.
  2164 | D:1      | 2164 ||| READING scroll labelled BERATZ ZUZXI BIDOL.
  2168 | D:1      | 2168 ||| READING scroll labelled UBRENL ZOOSSEC.
  2169 | D:1      | 2169 ||| READING scroll labelled SYUCHI OQUACS.
  2170 | D:1      | 2170 ||| DRINKING 2 red potions.
  2171 | D:1      | 2171 ||| DROPPING 2 potions of invisibility.
  2172 | D:1      | 2172 ||| DROPPING potion of magic.
  2249 | D:2      | 2249 ||| Stepping ~*~*~tactically~*~*~ (hiding).
  2351 | D:2      | 2351 ||| Stepping ~*~*~tactically~*~*~ (hiding).
  2456 | D:2      | Reached skill level 2 in Axes
  2459 | D:2      | 2459 ||| Stepping ~*~*~tactically~*~*~ (stealth).
  2497 | D:2      | 2497 ||| SWAPPING to +0 hand axe.
  2498 | D:2      | 2498 ||| DROPPING +0 spear.
  2510 | D:2      | 2510 ||| READING scroll labelled FUARGHE SECE.
  2597 | D:1      | 2597 ||| DROPPING +0 club.
  2802 | D:2      | You fall into a shaft and drop 1 floor!
  2802 | D:3      | Found a hazy altar of Hepliaklqana.
  2807 | D:3      | 2807 ||| Stepping ~*~*~tactically~*~*~ (stealth).
  2808 | D:3      | 2808 ||| Stepping ~*~*~tactically~*~*~ (stealth).
  2941 | D:3      | Noticed Jessica
  2942 | D:3      | 2942 ||| Stepping ~*~*~tactically~*~*~ (stealth).
  3038 | D:3      | 3038 ||| Stepping ~*~*~tactically~*~*~ (stealth).
  3040 | D:3      | 3040 ||| Stepping ~*~*~tactically~*~*~ (hiding).
  3047 | D:3      | Killed Jessica
  3048 | D:3      | Reached XP level 4. HP: 30/36 MP: 5/5
  3134 | D:3      | Found a shadowy altar of Dithmenos.
  3171 | D:3      | 3171 ||| UPGRADING to +0 scale mail.
  3181 | D:3      | 3181 ||| DROPPING +0 ring mail.
  3182 | D:3      | 3182 ||| UPGRADING to +1 helmet.
  3187 | D:3      | 3187 ||| READING scroll labelled EMEGIPS FAXKAA.
  3188 | D:3      | 3188 ||| DRINKING 2 sapphire potions.
  3189 | D:3      | 3189 ||| READING 3 scrolls of identify.
  3189 | D:3      | 3189 ||| IDENTIFYING fuming pink potion
  3190 | D:3      | 3190 ||| READING 2 scrolls of identify.
  3190 | D:3      | 3190 ||| IDENTIFYING viscous silvery potion
  3191 | D:3      | 3191 ||| DROPPING potion of lignification.
  3292 | D:2      | 3292 ||| FLEEEEING.
  3293 | D:2      | 3293 ||| FLEEEEING.
  3294 | D:2      | 3294 ||| FLEEEEING.
  3295 | D:2      | 3295 ||| FLEEEEING.
  3296 | D:2      | 3296 ||| FLEEEEING.
  3297 | D:2      | 3297 ||| FLEEEEING.
  3451 | D:2      | Reached skill level 3 in Axes
  3588 | D:2      | Found Witur's Weapon Shoppe.
  3600 | D:2      | 3600 ||| BUYING +0 flail (42 gold).
  3600 | D:2      | Bought a +0 flail for 42 gold pieces
  3600 | D:2      | 3600 ||| DROPPING +0 whip.
  3688 | D:2      | Reached skill level 1 in Throwing
  3778 | D:2      | 3778 ||| DRINKING 3 purple potions.
  3779 | D:2      | 3779 ||| READING 2 scrolls of identify.
  3779 | D:2      | 3779 ||| IDENTIFYING bubbling pink potion
  3780 | D:2      | 3780 ||| DROPPING potion of brilliance.
  3878 | D:3      | 3878 ||| Stepping ~*~*~tactically~*~*~ (stealth).
  3921 | D:3      | Reached XP level 5. HP: 37/41 MP: 6/6
  4273 | D:3      | 4273 ||| UPGRADING to amulet of guardian spirit.
  4278 | D:3      | 4278 ||| READING scroll labelled QILAHE CAOSIU.
  4279 | D:3      | 4279 ||| READING scroll labelled QUTAOK TAMATHU.
  4280 | D:3      | 4280 ||| READING scroll labelled CAIFEYJENT.
  4302 | D:4      | Noticed a small abomination
  4304 | D:4      | Found a transporter.
  4311 | D:4      | Found a transporter.
  4468 | D:4      | 4468 ||| Stepping ~*~*~tactically~*~*~ (stealth).
  4481 | D:4      | 4481 ||| Stepping ~*~*~tactically~*~*~ (stealth).
  4483 | D:4      | 4483 ||| Stepping ~*~*~tactically~*~*~ (stealth).
  4490 | D:4      | 4490 ||| Stepping ~*~*~tactically~*~*~ (stealth).
  4491 | D:4      | 4491 ||| Stepping ~*~*~tactically~*~*~ (stealth).
  4504 | D:4      | HP: 6/41 [iguana (5)]
  4505 | D:4      | 4505 ||| READING 2 scrolls of teleportation.
  4530 | D:4      | 4530 ||| FLEEEEING.
  4531 | D:4      | 4531 ||| FLEEEEING.
  4532 | D:4      | 4532 ||| FLEEEEING.
  4533 | D:4      | 4533 ||| FLEEEEING.
  4534 | D:4      | 4534 ||| STAIRDANCE
  4812 | D:4      | Found a one-way gate to the infinite horrors of the Abyss.
  4812 | D:4      | Noticed qw's ghost (amateur MiFi)
  5061 | D:4      | 5061 ||| Stepping ~*~*~tactically~*~*~ (stealth).
  5242 | D:4      | HP: 10/41 [white imp (3)]
  5243 | D:4      | 5243 ||| READING scroll of teleportation.
  5959 | D:4      | Reached skill level 4 in Axes
  5976 | D:4      | 5976 ||| READING 3 scrolls of identify.
  5976 | D:4      | 5976 ||| IDENTIFYING viscous purple potion
  5977 | D:4      | 5977 ||| READING 2 scrolls of identify.
  5977 | D:4      | 5977 ||| IDENTIFYING brown potion
  5978 | D:4      | 5978 ||| DROPPING potion of flight.
  5979 | D:4      | 5979 ||| DROPPING potion of attraction.
  6008 | D:5      | Entered Level 5 of the Dungeon
  6055 | D:5      | Reached skill level 1 in Armour
  6055 | D:5      | Reached XP level 6. HP: 45/48 MP: 7/7
  6072 | D:5      | HP: 11/48 [orc wizard/+1 dagger of electrocution (4)]
  6073 | D:5      | Slain by an orc wizard

Levels and vault maps discovered:
D:1:      minmay_arrival_diagonal_passages, layout_basic,
          chequers_ecumenical_altar_simple_redux, minmay_misc_feat_rugged
D:2:      kennysheep_six_static_rooms, layout_loops_cross, serial_shops,
          nicolae_shop_hallway_plus
D:3:      layout_loops_cross, grunt_dithmenos_smoke, lemuel_doored_altar,
          uniq_jessica
D:4:      layout_rooms, gammafunk_ghost_abyssal_escape, minmay_fire_ice_demons
D:5:      layout_basic, nicolae_overflow_hidden_temple, minivault_23,
          uniq_sigmund, uniq_menkaure

Skill      XL: |  1  2  3  4  5 |
---------------+----------------+-----
Axes           | 1 2 3 4 |  4.2
Fighting       | 1 2 |  2.2
Throwing       | 1 |  1.0
Armour         | 1 |  1.1
Short Blades   | |  0.8
Dodging        | |  1.7
Stealth        | |  3.2
Spellcasting   | |  1.7
Hexes          | |  2.4

Action                   |  1- 3 |  4- 6 || total
-------------------------+-------+-------++-------
Melee: Dagger            |    42 |       ||    42
       Spear             |    34 |       ||    34
       Club              |    22 |       ||    22
       Hand axe          |    49 |   237 ||   286
       Punch             |     1 |     3 ||     4
Throw: Javelin           |       |    27 ||    27
  Use: Scroll            |     4 |    11 ||    15
       Potion            |     1 |     2 ||     3
 Stab: Sleeping          |     2 |       ||     2
Armor: Robe              |    13 |       ||    13
       Ring mail         |    23 |     5 ||    28
       Scale mail        |       |    94 ||    94
Dodge: Dodged            |    79 |    79 ||   158

Table legend:
 A = Non-vault XP
 B = Vault XP
 C = Vault XP percentage of total XP
 D = Non-vault monster count
 E = Vault monster count
 F = Vault count percentage of total count
                 A         B        C        D         E       F
            +---------+---------+-------+---------+---------+-------
      Total |     239 |     104 |  30.3 |      69 |       9 |  11.5
            +---------+---------+-------+---------+---------+-------
        D:1 |      35 |       0 |   0.0 |      22 |       0 |   0.0
        D:2 |      43 |      11 |  20.4 |      18 |       6 |  25.0
        D:3 |      44 |      37 |  45.7 |      13 |       1 |   7.1
        D:4 |      78 |      56 |  41.8 |      14 |       2 |  12.5
        D:5 |      39 |       0 |   0.0 |       2 |       0 |   0.0
            +---------+---------+-------+---------+---------+-------
